 Dungeon Crawl Stone Soup version 0.20-a0-269-g17f5411 (webtiles) character file.

2201 Duffy the Destroyer (level 9, -1/58 HPs)
             Began as a High Elf Conjurer on Dec 8, 2016.
             Was an Initiate of Vehumet.
             Slain by an orc wizard
             ... wielding a +2 dagger of electrocution
              (12 damage)
             ... on level 7 of the Dungeon.
             The game lasted 00:09:23 (7089 turns).

Duffy the Destroyer (High Elf Conjurer)             Turns: 7089, Time: 00:09:23

Health: -1/58      AC:  4    Str:  7    XL:     9   Next: 12%
Magic:  22/29      EV: 14    Int: 23    God:    Vehumet [......]
Gold:   102        SH:  0    Dex: 16    Spells: 10/22 levels left

rFire  . . .     SeeInvis .     t - +1 dagger (drain)
rCold  . . .     Gourm    .     a - +0 robe
rNeg   . . .     Faith    .     (no shield)
rPois  .         Spirit   .     (no helmet)
rElec  .         Reflect  .     e - +0 cloak
rCorr  .         Harm     .     (no gloves)
MR     .....                    z - +0 pair of boots
Stlth  ++........               (no amulet)
                                q - +1 ring of evasion
                                d - ring of magical power

@: no status effects
A: no striking features
a: Renounce Religion


You were on level 7 of the Dungeon.
You worshipped Vehumet.
Vehumet was noncommittal.
You were not hungry.

You visited 1 branch of the dungeon, and saw 7 of its levels.

You collected 223 gold pieces.
You spent 121 gold pieces at shops.

Inventory:

Hand Weapons
 t - a +1 dagger of draining (weapon)
Armour
 a - a +0 robe (worn)
 e - a +0 cloak (worn)
 z - a +0 pair of boots (worn)
Jewellery
 d - a ring of magical power (left hand)
 q - a +1 ring of evasion (right hand)
 x - an uncursed ring of protection from fire
 F - an uncursed ring of protection from cold
 I - an uncursed ring of ice
Wands
 D - a wand of polymorph (10/24)
Scrolls
 g - 2 scrolls of enchant weapon {unknown}
 h - 5 scrolls of teleportation
 j - a scroll of recharging {unknown}
 k - a scroll of fear {unknown}
 p - 2 scrolls of remove curse
 s - 2 scrolls of enchant armour {unknown}
 u - 2 scrolls of identify
 y - a scroll of blinking {unknown}
 B - a scroll of random uselessness {unknown}
 C - a scroll of fog {unknown}
Potions
 i - 3 potions of lignification
 l - a potion of berserk rage {unknown}
 n - a potion of agility {unknown}
 o - 2 potions of heal wounds {unknown}
 r - 3 potions of magic
 v - a potion of mutation {unknown}
 w - a potion of brilliance {unknown}
 A - 2 potions of invisibility {unknown}
 E - a potion of curing
 G - a potion of flight
Books
 b - a book of Conjurations

   Spells                             Type                      Level
   a - Magic Dart                     Conjuration                  1
   b - Searing Ray                    Conjuration                  2
   c - Dazzling Spray                 Conjuration/Hexes            3
   d - Fulminant Prism                Conjuration/Hexes            4
   e - Iskenderun's Mystic Blast      Conjuration                  4
   f - Iskenderun's Battlesphere      Conjuration/Charms           5
Comestibles
 c - 5 bread rations
 f - 3 meat rations


   Skills:
 - Level 3.8 Fighting
 - Level 2.1 Dodging
 - Level 2.1 Stealth
 + Level 7.2 Spellcasting
 + Level 9.5 Conjurations
 + Level 6.6 Charms


You had 10 spell levels left.
You knew the following spells:

 Your Spells              Type           Power        Failure   Level  Hunger
a - Magic Dart            Conj           ####         1%          1    None
i - Iskenderun's Battles  Conj/Chrm      #####...     10%         5    #####..
l - Iskenderun's Mystic   Conj           ######..     1%          4    ###....
s - Searing Ray           Conj           ######       1%          2    None


Dungeon Overview and Level Annotations

Branches:
Dungeon (7/15)             Temple (0/1) D:7

Altars:
Ashenzari
Dithmenos
Hepliaklqana
Nemelex Xobeh
Okawaru
Qazlal
Vehumet
Yredelemnul

Shops:
D:5 !   D:7 %


Message History

The orc wizard is lightly wounded.
The orc wizard mumbles some strange words.
The orc priest calls upon Beogh to heal the orc wizard.
The orc wizard's wounds heal themselves!
The orc wizard barely misses you. Something hits you but does no damage.
Cast which spell? (? or * to list)
Aiming: Magic Dart
Press: ? - help, Shift-Dir - straight line, f/p - orc priest
Aim: an orc priest, wielding a dagger (heavily wounded)
The magic dart hits the orc priest.
The orc priest is severely wounded.
Your battlesphere fires!
The barrage of energy hits the orc wizard.
The orc wizard is severely wounded.
Your battlesphere expends the last of its energy and dissipates.
The orc wizard misses you. The orc priest hits you with a dagger.
The orc wizard barely misses you.
The orc wizard hits you but does no damage.
Something hits you but does no damage.
You are electrocuted!
You die...

.......................
.......................
...............%.......
...###.#..#.###..######
+###
######.###..##..####
#....0..........
#...............
#.....oo......).
#......@o.......
##..#######.#### ####
.# .


You could see an orc priest and 2 orc wizards.

Vanquished Creatures
  2 hungry ghosts (D:7)
  The ghost of Zorot the Magician, an amateur DEWz of Vehumet (D:4)
  An ice beast (D:7)
  A phantom (D:6)
  5 ogres
  A centaur (D:7)
  2 bullfrogs
  5 scorpions
  A water moccasin skeleton (D:6)
  A centaur zombie (D:5)
  4 crimson imps
  A quasit (D:7)
  2 hounds (D:7)
  A centaur skeleton (D:6)
  An orc priest (D:3)
  A bullfrog skeleton (D:7)
  2 iguanas
  2 gnoll shamans
  2 orc wizards
  A worker ant zombie (D:7)
  7 gnolls
  2 adders
  A shadow imp (D:7)
  An ooze (D:2)
  An adder zombie (D:4)
  An adder skeleton (D:4)
  2 worms
  3 dart slugs
  4 leopard geckos
  16 orcs
  4 bats
  2 giant cockroaches
  4 goblins
  8 hobgoblins
  12 jackals
  3 kobolds
  4 quokkas
  5 frilled lizards
  A leopard gecko skeleton (D:5)
  13 rats
131 creatures vanquished.

Notes
Turn   | Place    | Note
-------+----------+-------------------------------------------
     0 | D:1      | Duffy the High Elf Conjurer began the quest for the Orb.
     0 | D:1      | Reached XP level 1. HP: 11/11 MP: 4/4
   512 | D:1      | Reached XP level 2. HP: 17/17 MP: 6/6
   659 | D:1      | Learned a level 2 spell: Searing Ray
   844 | D:1      | Reached skill level 5 in Conjurations
  1062 | D:2      | Reached XP level 3. HP: 22/22 MP: 8/8
  1214 | D:2      | Found a sparkling altar of Nemelex Xobeh.
  1233 | D:2      | Reached skill level 1 in Fighting
  2008 | D:3      | Reached XP level 4. HP: 29/29 MP: 9/9
  2024 | D:3      | Reached skill level 2 in Fighting
  2438 | D:3      | Found an iron altar of Okawaru.
  2589 | D:3      | Found a stormy altar of Qazlal.
  2996 | D:4      | Noticed an ogre
  3012 | D:4      | Killed an ogre
  3012 | D:4      | Reached skill level 3 in Fighting
  3012 | D:4      | Reached skill level 6 in Conjurations
  3012 | D:4      | Reached XP level 5. HP: 36/36 MP: 10/10
  3094 | D:4      | Reached XP level 6. HP: 32/42 MP: 11/11
  3425 | D:4      | Reached skill level 3 in Spellcasting
  3543 | D:4      | Learned a level 4 spell: Iskenderun's Mystic Blast
  3546 | D:4      | Noticed Zorot's ghost (amateur DEWz)
  3573 | D:4      | Killed Zorot's ghost
  3573 | D:4      | Reached skill level 7 in Conjurations
  3966 | D:4      | Found a shadowy altar of Dithmenos.
  3966 | D:4      | Found a shattered altar of Ashenzari.
  3966 | D:4      | Found a basalt altar of Yredelemnul.
  4096 | D:4      | Learned a level 5 spell: Iskenderun's Battlesphere
  4104 | D:5      | Entered Level 5 of the Dungeon
  4158 | D:5      | Found a hazy altar of Hepliaklqana.
  4216 | D:5      | Reached skill level 4 in Spellcasting
  4216 | D:5      | Reached skill level 1 in Charms
  4216 | D:5      | Reached XP level 7. HP: 47/47 MP: 14/14
  4329 | D:5      | Found Quruvvom's Distillery.
  4337 | D:5      | Bought a potion of curing for 33 gold pieces
  4387 | D:5      | Reached skill level 2 in Charms
  4895 | D:5      | Reached skill level 3 in Charms
  5084 | D:5      | Bought a potion of magic for 88 gold pieces
  5109 | D:5      | Reached skill level 5 in Spellcasting
  5109 | D:5      | Reached skill level 8 in Conjurations
  5152 | D:6      | Reached XP level 8. HP: 54/54 MP: 11/16
  5582 | D:6      | Reached skill level 4 in Charms
  5906 | D:6      | Found a radiant altar of Vehumet.
  5991 | D:6      | Became a worshipper of Vehumet
  6089 | D:6      | Reached skill level 6 in Spellcasting
  6194 | D:7      | Reached skill level 5 in Charms
  6549 | D:7      | Reached skill level 9 in Conjurations
  6644 | D:7      | Found Butret's Food Shop.
  6662 | D:7      | Reached skill level 6 in Charms
  6807 | D:7      | Found a staircase to the Ecumenical Temple.
  6848 | D:7      | Reached skill level 7 in Spellcasting
  6848 | D:7      | Reached XP level 9. HP: 55/58 MP: 20/20
  7089 | D:7      | Slain by an orc wizard

Vault maps used:
D:1:      dpeg_arrival_long_road, interstate_on_off
D:2:      lemuel_crystal_altar, corexii_item_surrounded_by_moat
D:3:      grunt_qazlal_clouds, okawaru_trees_1
D:4:      gammafunk_temple_overflow_claw, first_bread
D:5:      marbit_many_paths, serial_shops, shop_statue
D:6:      kennysheep_little_box
D:7:      lemuel_coloured_pillars_altar, serial_shops, shop_statue

Skill      XL: |  1  2  3  4  5  6  7  8 |
---------------+-------------------------+-----
Conjurations   | 5 6 7 8 9 |  9.5
Fighting       | 1 3 |  3.8
Spellcasting   | 4 5 7 |  7.2
Charms         | 1 3 6 |  6.6
Dodging        | |  2.1
Stealth        | |  2.1

Action                   |  1- 3 |  4- 6 |  7- 9 || total
-------------------------+-------+-------+-------++-------
 Cast: Magic Dart        |    60 |    65 |   120 ||   245
       Searing Ray       |     4 |    13 |    27 ||    44
       Iskenderun's Batt |       |       |     5 ||     5
  Use: Scroll            |       |       |     4 ||     4
  Eat: Chunk             |     3 |     7 |    11 ||    21
       Royal jelly       |       |       |     1 ||     1
Armor: Robe              |     6 |     5 |    13 ||    24
Dodge: Dodged            |    24 |     8 |    38 ||    70
